 Dungeon Crawl Stone Soup version 0.28.0-1-gb440e238dd (webtiles) character file.

Game seed: 12123489840968885149

20 Ablot the Grasshopper (level 2, -4/26 HPs)
             Began as a Gnoll Warper on Feb 24, 2022.
             Slain by Robin (9 damage)
             ... on level 1 of the Dungeon.
             The game lasted 00:01:35 (817 turns).

Ablot the Grasshopper (Gnoll Warper)                 Turns: 817, Time: 00:01:35

Health: -4/26      AC:  4    Str: 10    XL:     2   Next: 79%
Magic:  5/7        EV: 12    Int: 18    God:
Gold:   23         SH:  0    Dex: 11    Spells: 8/10 levels left

rFire   . . .      SeeInvis +   a - +0 spear
rCold   . . .      Faith    .   (no shield)
rNeg    . . .      Spirit   .   b - +0 leather armour
rPois   .          Reflect  .   (no helmet)
rElec   .          Harm     .   (no cloak)
rCorr   .          Rampage  .   (no gloves)
Will    .....                   h - +0 pair of boots
Stlth   +.........              (no amulet)
HPRegen 0.08/turn               e - ring of see invisible
MPRegen 0.10/turn               g - +6 ring of intelligence

@: on blink cooldown
A: fangs 1, strong nose, distributed training
a: no special abilities


You were on level 1 of the Dungeon.
You visited 1 branch of the dungeon, and saw 2 of its levels.

You collected 23 gold pieces.

Inventory:

Hand Weapons
 a - a +0 spear (weapon)
Missiles
 d - 5 boomerangs of dispersal
 k - 29 stones (quivered)
 l - 16 bolts
Armour
 b - a +0 leather armour (worn)
 h - a +0 pair of boots (worn)
Jewellery
 e - a ring of see invisible (left hand)
 g - a +6 ring of intelligence (right hand)
 n - an amulet of guardian spirit
Scrolls
 c - a scroll of blinking
 f - a scroll of enchant weapon {unknown}
 i - a scroll of teleportation {unknown}
Potions
 j - a potion of mutation {unknown}
 m - a potion of curing {unknown}


   Skills:
 + Level 4.5 Fighting
 + Level 0.5 Short Blades
 + Level 0.5 Long Blades
 + Level 0.5 Axes
 + Level 0.5 Maces & Flails
 + Level 4.5 Polearms
 + Level 0.5 Staves
 + Level 0.5 Slings
 + Level 0.5 Bows
 + Level 0.5 Crossbows
 + Level 2.5 Throwing
 + Level 2.5 Armour
 + Level 4.5 Dodging
 + Level 0.5 Stealth
 + Level 0.5 Shields
 + Level 0.5 Unarmed Combat
 + Level 4.9 Spellcasting
 + Level 0.3 Conjurations
 + Level 0.3 Hexes
 + Level 0.3 Summonings
 + Level 0.3 Necromancy
 + Level 5.3 Translocations
 + Level 0.3 Transmutations
 + Level 0.3 Fire Magic
 + Level 0.3 Ice Magic
 + Level 0.3 Air Magic
 + Level 0.3 Earth Magic
 + Level 0.3 Poison Magic
 + Level 0.6 Invocations
 + Level 0.5 Evocations


You had 8 spell levels left.
You knew the following spells:

 Your Spells              Type           Power      Damage    Failure   Level
a - Blink                 Tloc           46%        N/A       3%          2

Your spell library contained the following spells:

 Spells                   Type           Power      Damage    Failure   Level
 Gell's Gravitas          Tloc           23%        N/A       6%          3
 Lesser Beckoning         Tloc           23%        N/A       6%          3
 Teleport Other           Tloc           23%        N/A       6%          3
 Manifold Assault         Tloc           23%        N/A       47%         5


Dungeon Overview and Level Annotations

Branches:
Dungeon (2/15)

Altars:

Annotations:
D:1 Robin
D:2 Terence


Innate Abilities, Weirdness & Mutations

You have very sharp teeth.
Your uncanny sense of smell can sniff out nearby items.
Your experience applies equally to all skills.


Message History

Reach: a) +0 spear
Press: ? - help, Dir - move target, f - goblin
Aim: a goblin, wielding a +0 club (strong, about 44% to evade your +0 spear)
You reach to attack!
You hit the goblin.
You kill the goblin!
Throw: 31 stones
Press: ? - help, Q - select action, (/) - cycle Shift-Dir - straight line, f - Robin
Aim: Robin, wielding a +4 mace of holy wrath, wearing a +2 animal skin and wearing a +0 helmet (67% to hit)
You throw a stone. The stone hits Robin.
Robin is lightly wounded.
Throw: 30 stones
Press: ? - help, Q - select action, (/) - cycle Shift-Dir - straight line, f/p - Robin
Aim: Robin, wielding a +4 mace of holy wrath, wearing a +2 animal skin and wearing a +0 helmet (lightly wounded, 67% to hit)
You throw a stone. The stone completely misses Robin.
A goblin comes into view. It is wielding a +0 dagger.
You hit Robin but do no damage.
Robin is lightly wounded.
Robin closely misses you.
You hit Robin but do no damage. You punch Robin, but do no damage.
Robin is lightly wounded.
Robin hits you with a +4 mace of holy wrath.
You hit Robin.
Robin is lightly wounded.
You hit Robin.
Robin is moderately wounded.
Robin hits you with a +4 mace of holy wrath!
Robin barely misses you.
You climb upwards.
There is a stone staircase leading down here.
You closely miss Robin.
Robin is moderately wounded.
Robin hits you with a +4 mace of holy wrath!
* * * LOW HITPOINT WARNING * * *
Unknown command.
There is a stone staircase leading down here.
Casting: Blink (safe; 3% risk of failure)
Confirm with . or Enter, or press ? or * to list all spells.
You blink.
Robin hits you with a +4 mace of holy wrath!
You die...

.######..# #.# .#....#..######
#.. .#....##......# #..
.#....##.###..#################.#
.#....##...#.....................
........>#.#..........##.........
##....####.>....##....##....##...
......# #.......##..........##...
...#### #.......@................
...# #...##...g§..............
...# #...##...................
...# #........................
...######........................
...........##...........<........
########...##...........>........
## #......................... .#
#.........................


You could see Robin.

Vanquished Creatures
  4 goblins
  3 hobgoblins
  3 jackals (D:1)
  2 kobolds (D:1)
  A quokka (D:1)
  2 ball pythons (D:1)
  A bat (D:1)
  2 rats (D:1)
18 creatures vanquished.

Notes
Turn   | Place    | Note
-------+----------+-------------------------------------------
     0 | D:1      | Ablot the Gnoll Warper began the quest for the Orb.
     0 | D:1      | Reached XP level 1. HP: 20/20 MP: 6/6
   335 | D:1      | Reached XP level 2. HP: 23/26 MP: 7/7
   338 | D:1      | Learned a level 2 spell: Blink
   753 | D:2      | Noticed Terence
   776 | D:2      | Found a faded altar of an unknown god.
   788 | D:2      | Noticed Robin
   817 | D:1      | Slain by Robin

Illustrated notes

Levels and vault maps discovered:
D:1:      dpeg_arrival_stonehenge_12_columns, layout_basic,
          hangedman_decor_push, minmay_statues_item, st_stairs_1
D:2:      layout_rooms, hellmonk_ecumenical_altar_run_dry, uniq_robin,
          uniq_jessica, uniq_terence

Action                   || total
-------------------------++-------
Melee: Spear             ||    59
       Bite              ||     5
       Punch             ||     1
Throw: Stone             ||     2
 Cast: Blink             ||     1
Armor: Leather armour    ||     5
Dodge: Dodged            ||    19
